 Dungeon Crawl Stone Soup version 0.29.0-4-gdea44cf6ec (webtiles) character file.

Game seed: 727207029413144626

2 qw the Sneak (level 1, -1/14 HPs)
             Began as a Gargoyle Delver on Sept 10, 2022.
             Slain by a howler monkey (4 damage)
             ... on level 4 of the Dungeon.
             The game lasted 00:00:02 (25 turns).

qw the Sneak (Gargoyle Delver)                        Turns: 25, Time: 00:00:03

Health: -1/14      AC:  5    Str: 15    XL:     1   Next: 30%
Magic:  1/1        EV: 11    Int: 10    God:
Gold:   0          SH:  0    Dex: 11    Spells: 0/0 levels left

rFire   . . .      SeeInvis .   a - +0 hand axe
rCold   . . .      Faith    .   (no shield)
rNeg    + . .      Spirit   .   b - +0 leather armour
rPois   inf        Reflect  .   (no helmet)
rElec   +          Harm     .   (no cloak)
rCorr   .          Rampage  .   (no gloves)
Will    .....                   (no boots)
Stlth   +++.......              (no amulet)
HPRegen 0.04/turn               (no ring)
MPRegen 0.07/turn               (no ring)

@: no status effects
A: sickness immunity, AC +2, negative energy resistance 1, electricity
resistance, torment resistance 1, petrification resistance
a: no special abilities


You were on level 4 of the Dungeon.
You visited 1 branch of the dungeon, and saw 2 of its levels.


Innate Abilities, Weirdness & Mutations

You are immune to sickness and miasma.
Your stone body is resilient. (AC +2)
You are immune to poison.
You resist negative energy. (rN+)
You are resistant to electric shocks. (rElec)
You are resistant to unholy torment.
You are immune to petrification.


   Skills:
 - Level 3.2 Fighting
 + Level 2.0 Axes
 - Level 1.5 Dodging
 - Level 5.4 Stealth


You couldn't memorise any spells.
You didn't know any spells.
Your spell library was empty.

Inventory:

Hand Weapons
 a - a +0 hand axe (weapon)
Armour
 b - a +0 leather armour (worn)
Wands
 g - a wand of digging (3)
Potions
 f - a potion of haste

Dungeon Overview and Level Annotations

Branches:
Dungeon (5/15)
 Temple: D:4-7

Altars:


Message History

Existing waypoints: (2) D:5 Assign waypoint to what number? (0-9, D - delete waypoint) Waypoint 1 assigned to D:4.
Enter note: The kobold shouts!
You hit the kobold.
You kill the kobold!
You hear a bark! x2; You hear a shout!
Your Axes skill increases to level 2!
You hit the howler monkey.
The howler monkey is moderately wounded.
A jackal comes into view.
The howler monkey closely misses you.
A jackal comes into view.
A hobgoblin comes into view.
You hit the howler monkey.
The howler monkey is moderately wounded.
You barely miss the goblin. The howler monkey hits you. The goblin misses you.
The howler monkey hits you but does no damage.
You barely miss the howler monkey.
The howler monkey is moderately wounded.
You hit the goblin. You closely miss the adder.
The adder completely misses you. The goblin hits you but does no damage.
The howler monkey hits you. The adder closely misses you.
The quokka closely misses you.
You hit the howler monkey.
The howler monkey is heavily wounded.
You closely miss the goblin. You barely miss the adder.
You closely miss the quokka. You barely miss the adder.
The howler monkey hits you. The goblin closely misses you.
The adder bites you but does no damage. x2; The quokka misses you.
The goblin hits you but does no damage. The howler monkey closely misses you.
The adder bites you but does no damage. The adder barely misses you.
You closely miss the howler monkey.
The howler monkey is heavily wounded.
You barely miss the quokka. You closely miss the adder.
You barely miss the jackal. You barely miss the goblin. You miss the adder.
The jackal bites you. The quokka misses you. The howler monkey hits you.
You die...

#........
...#..... .
.......<# ..
......####.#.
............
##..h..g.#
#..Srh...#
#.(.@h...#
#....Sg..##
.....}...}....#
...###......###
.. #.......# #
#.........
#....!....
#.........


You could see a howler monkey, 2 adders, a quokka, 2 jackals, a hobgoblin and a
goblin.

Vanquished Creatures
  A jackal (D:5)
  A kobold (D:4)
2 creatures vanquished.

Notes
Turn   | Place    | Note
-------+----------+-------------------------------------------
     0 | D:5      | qw the Gargoyle Delver began the quest for the Orb.
     0 | D:5      | Reached XP level 1. HP: 14/14 MP: 1/1
     0 | D:5      | 0 ||| qw: Version: 0.1-a-117-gfe26ee0
     0 | D:5      | 0 ||| qw: Game counter: 9558
     0 | D:5      | 0 ||| qw: Always use a shield: true
     0 | D:5      | 0 ||| qw: God list: Okawaru
     0 | D:5      | 0 ||| qw: Allow faded altars: false
     0 | D:5      | 0 ||| qw: Do Orc after D:15 true
     0 | D:5      | 0 ||| qw: Do second Lair branch before Depths: true
     0 | D:5      | 0 ||| qw: Lair rune preference: random
     0 | D:5      | 0 ||| qw: Plans: Normal
     0 | D:5      | 0 ||| PLANNING D:1-11
     1 | D:5      | 1 ||| DROPPING scroll of fog.
     2 | D:5      | 2 ||| DROPPING scroll of magic mapping.
     3 | D:5      | 3 ||| DROPPING scroll of fear.
    15 | D:5      | 15 ||| FLEEEEING.
    16 | D:5      | 16 ||| FLEEEEING.
    17 | D:5      | 17 ||| FLEEEEING.
    18 | D:5      | 18 ||| STAIRDANCE
    19 | D:4      | Noticed a howler monkey
    25 | D:4      | HP: 3/14 [jackal (1)]
    25 | D:4      | Slain by a howler monkey

Levels and vault maps discovered:
D:4:      layout_rooms, minmay_temple_entry_junction,
          biasface_ghost_orc_armoury, grunt_ministairs_1, uniq_menkaure
D:5:      layout_cave_pools, uniq_ijyb

Skill      XL: |  1 |
---------------+----+-----
Axes           | 2 |  2.0
Fighting       | |  3.2
Dodging        | |  1.5
Stealth        | |  5.4

Action                   || total
-------------------------++-------
Melee: Hand axe          ||     8
Armor: Leather armour    ||     7
Dodge: Dodged            ||    11

Table legend:
 A = Non-vault XP
 B = Vault XP
 C = Vault XP percentage of total XP
 D = Non-vault monster count
 E = Vault monster count
 F = Vault count percentage of total count
                 A         B        C        D         E       F
            +---------+---------+-------+---------+---------+-------
      Total |       2 |       1 |  33.3 |       1 |       1 |  50.0
            +---------+---------+-------+---------+---------+-------
        D:4 |       0 |       1 | 100.0 |       0 |       1 | 100.0
        D:5 |       2 |       0 |   0.0 |       1 |       0 |   0.0
            +---------+---------+-------+---------+---------+-------
